 Dungeon Crawl Stone Soup version 0.27-a0-1084-g78b3836a5f (webtiles) character file.

Game seed: 2963796653062187467

387 spiderkeys the Poker (level 6, 0/37 HPs)
             Began as a Tengu Gladiator on Apr 27, 2021.
             Was an Initiate of Wu Jian.
             Succumbed to a water moccasin's poison
             ... on level 5 of the Dungeon.
             The game lasted 00:06:47 (3005 turns).

spiderkeys the Poker (Tengu Gladiator)              Turns: 3005, Time: 00:06:47

Health: 0/37       AC:  3    Str: 16    XL:     6   Next: 78%
Magic:  7/7        EV: 16    Int:  9    God:    Wu Jian [......]
Gold:   173        SH:  0    Dex: 15    Spells: 5/5 levels left

rFire    . . .     SeeInvis .   a - +1 trident
rCold    . . .     Faith    .   (no shield)
rNeg     . . .     Spirit   .   b - +0 leather armour
rPois    .         Reflect  .   c - +0 hat
rElec    .         Harm     .   (no cloak)
rCorr    .         Rampage  .   (no gloves)
Will     +....                  (boots unavailable)
Stlth    +.........             (no amulet)
HPRegen  0.12/turn              l - ring of willpower
MPRegen  0.10/turn              (no ring)

@: lethally poisoned (0 -> -19), flying quickly and evasively, quick
A: beak, talons 3, nimble flight
a: Renounce Religion


You were on level 5 of the Dungeon.
You worshipped Wu Jian.
Wu Jian was noncommittal.
You visited 2 branches of the dungeon, and saw 6 of its levels.

You collected 173 gold pieces.


Innate Abilities, Weirdness & Mutations

You have a beak for a mouth.
You have claws for feet.
Your magical nature lets you fly swiftly and evasively.


   Skills:
 + Level 3.5 Fighting
 * Level 5.7 Polearms
 - Level 2.0 Throwing
 + Level 3.0 Armour
 + Level 4.6 Dodging


You had 5 spell levels left.
You didn't know any spells.
Your spell library contained the following spells:

 Spells                   Type           Power      Damage    Failure   Level
 Sublimation of Blood     Necr           0%         N/A       58%         2
 Ignite Poison            Fire/Tmut/Pois 0%         N/A       82%         3
 Petrify                  Tmut/Erth      0%         N/A       99%         4
 Alistair's Intoxication  Tmut/Pois      0%         N/A       100%        5
 Irradiate                Conj/Tmut      0%         3d13      100%        5
 Eringya's Noxious Bog    Tmut/Pois      0%         N/A       100%        6

Inventory:

Hand Weapons
 a - a +1 trident (weapon)
Missiles
 d - 5 throwing nets (quivered) {=f!f}
 e - 65 arrows
 h - 64 stones
 i - 13 poisoned darts
 m - 22 sling bullets
Armour
 b - a +0 leather armour (worn)
 c - a +0 hat (worn)
Magical Staves
 k - a staff of conjuration {!a}
   (You found it on level 3 of the Dungeon)
Jewellery
 l - a ring of willpower (left hand)
   (You found it on level 2 of the Dungeon)
 F - a ring of fire
   (You found it on level 3 of the Dungeon)
Wands
 j - a wand of charming (10)
   (You took it off Ijyb on level 3 of the Dungeon)
Scrolls
 f - 3 scrolls of identify {@r1}
 g - 2 scrolls of teleportation {@r4}

Dungeon Overview and Level Annotations

Branches:
Dungeon (6/15)             Temple (1/1) D:6

Altars:
Dithmenos
Gozag
Uskayaw
Vehumet
Wu Jian
Zin

Annotations:
D:2 Terence

.....# ###.....# #.......#
#.......# #.......# #.......#
#######....>..#
##....>##......#######
#......@Sr...........#
#.......#............#
##......#............#
#####.###............#
#.........#####......#
#.........#...#......#
#.........#...#......#
##+######.........#...#......#
..................#...'......#


You could see a water moccasin and a quokka.


Message History

You hover solemnly before the altar of Wu Jian.
There is an ornate altar of the Wu Jian Council here.
You hover solemnly before the altar of Wu Jian.
The Council welcomes you!
You can now perform damaging attacks by moving towards foes.
Okay, then.
There is an open door here.
There is an open door here.
There is a staircase back to the Dungeon here.
You fly upwards.
Welcome back to the Dungeon!
There is a staircase to the Ecumenical Temple here.
You now have 139 gold pieces (gained 13).
You now have 148 gold pieces (gained 9).
You now have 156 gold pieces (gained 8).
h - 64 stones (gained 20)
Found a stone staircase leading up.
A water moccasin comes into view.
An iguana comes into view.
There is a stone staircase leading up here.
You fly upwards.
There is a stone staircase leading down here.
You reach down and open the door.
Found a stone staircase leading down.
There is an open door here.
You now have 173 gold pieces (gained 17).
You reach down and open the door.
There is an open door here.
A water moccasin comes into view.
A quokka comes into view.
A jelly comes into view.
The jelly quivers.
You miss the water moccasin. Your peck misses the water moccasin.
The water moccasin bites you. 😕 HP[-6]
You take 6 damage, and now have 31/37 hp.
You completely miss the water moccasin.
The water moccasin bites you but does no damage.
The water moccasin closely misses you. 😕 HP[+1]
The water moccasin bites you but does no damage.
The water moccasin bites you but does no damage. 😕 HP[+1]
You hear a distant slurping noise.
The water moccasin completely misses you.
There is an open door here.
You hit the water moccasin.
You claw the water moccasin, but do no damage.
Your peck misses the water moccasin.
The water moccasin bites you but does no damage.
The jelly barely misses you.
You closely miss the water moccasin. You claw the water moccasin.
The water moccasin completely misses you.
The jelly hits you but does no damage.
The water moccasin bites you but does no damage.
You hit the water moccasin. You claw the water moccasin.
The water moccasin completely misses you.
The jelly barely misses you.
You puncture the water moccasin! Your kick misses the water moccasin.
The water moccasin closely misses you. The jelly hits you but does no damage.
The water moccasin closely misses you.
You closely miss the water moccasin. The jelly barely misses you.
The water moccasin misses you. 😕 HP[+1]
You hit the jelly.
Your hands burn!
You claw the jelly. Your peck misses the jelly. The water moccasin bites you.
You are poisoned.
The water moccasin poisons you!
The jelly hits you but does no damage. 😕 HP[-4]
You take 4 damage, and now have 30/37 hp.
You hit the jelly.
Your hands burn!
You claw the jelly! You peck the jelly.
You feel very sick. The water moccasin barely misses you.
The jelly barely misses you.
The water moccasin barely misses you. 😮 HP[-5]
You take 5 damage, and now have 25/37 hp.
You puncture the jelly!
You kill the jelly!
The Council accepts your kill.
You feel very sick. The water moccasin bites you!
* * * LOW HITPOINT WARNING * * *
You are lethally poisoned!
The water moccasin poisons you!
Your Armour skill increases to level 3! 😨 HP[-11]
You take 11 damage, and now have 14/37 hp.
MASSIVE DAMAGE!! (PAUSE)
You aren't carrying any potions.
You closely miss the water moccasin.
You claw the water moccasin, but do no damage.
* * * LOW HITPOINT WARNING * * *
You feel very sick. The water moccasin closely misses you.
The water moccasin bites you.
* * * LOW HITPOINT WARNING * * *
😱 HP[-10]
You take 10 damage, and now have 4/37 hp.
MASSIVE DAMAGE!! (PAUSE)
You closely miss the water moccasin. You claw the water moccasin.
Your peck misses the water moccasin.
You die...

Skill      XL: |  1  2  3  4  5  6 |
---------------+-------------------+-----
Armour         | 1 2 3 |  3.0
Polearms       | 4 5 |  5.7
Dodging        | 4 |  4.6
Fighting       | 3 |  3.5
Throwing       | |  2.0

Action                   |  1- 3 |  4- 6 || total
-------------------------+-------+-------++-------
Melee: Trident           |    87 |    98 ||   185
       Kick              |    18 |    24 ||    42
       Peck              |     4 |    12 ||    16
Throw: Stone             |     3 |     4 ||     7
       Throwing net      |     1 |       ||     1
       Dart              |       |     5 ||     5
  Use: Scroll            |     5 |     3 ||     8
       Potion            |       |     1 ||     1
 Stab: Sleeping          |     3 |       ||     3
Armor: Leather armour    |    10 |    19 ||    29
Dodge: Dodged            |    51 |    57 ||   108

Levels and vault maps discovered:
D:1:      mrwooster_arrival_statue, layout_rooms,
          hellmonk_ecumenical_altar_prayer_group, st_stairs_10,
          chequers_big_river
D:2:      layout_basic, basic_altar, uniq_terence, uniq_crazy_yiuf_cottage
D:3:      layout_basic, minmay_box_of_dots, uniq_natasha, uniq_ijyb
D:5:      layout_gridville, trog_butcher_becter
D:6:      layout_rooms, minitemple, minmay_temple_entry_offerings
Temple:   dpeg_five_rooms_temple

Notes
Turn   | Place    | Note
-------+----------+-------------------------------------------
     0 | D:1      | spiderkeys the Tengu Gladiator began the quest for the Orb.
     0 | D:1      | Reached XP level 1. HP: 12/12 MP: 2/2
     0 | D:1      | magus.rc [v1.9.10]
   188 | D:1      | Reached XP level 2. HP: 17/17 MP: 3/3
   417 | D:1      | Found a faded altar of an unknown god.
   806 | D:1      | Reached skill level 1 in Armour
   806 | D:1      | Reached XP level 3. HP: 22/22 MP: 4/4
   857 | D:2      | Reached skill level 4 in Polearms
  1001 | D:2      | HP: 4/22 [gnoll/+0 club (5)]
  1038 | D:1      | HP: 2/22 [gnoll/+0 club (5)]
  1456 | D:2      | Found an opulent altar of Gozag.
  1608 | D:2      | Noticed Terence
  1771 | D:2      | Reached XP level 4. HP: 27/27 MP: 5/5
  1871 | D:2      | You fall into a shaft and drop 1 floor!
  1957 | D:3      | Noticed Natasha
  1966 | D:3      | Killed Natasha
  1967 | D:3      | Reached skill level 4 in Dodging
  1967 | D:3      | Gained mutation: Your magical nature lets you fly swiftly
                  | and evasively. [Tengu growth]
  1967 | D:3      | Reached XP level 5. HP: 29/32 MP: 6/6
  2164 | D:3      | Reached skill level 2 in Armour
  2195 | D:3      | Noticed Natasha
  2206 | D:3      | Killed Natasha
  2225 | D:3      | Noticed Natasha
  2232 | D:3      | Killed Natasha
  2233 | D:3      | Reached skill level 3 in Fighting
  2273 | D:3      | Reached skill level 5 in Polearms
  2465 | D:3      | Reached XP level 6. HP: 37/37 MP: 7/7
  2533 | D:3      | Noticed Ijyb
  2546 | D:3      | Killed Ijyb
  2611 | D:3      | You are sucked into a shaft and drop 3 floors!
  2627 | D:6      | Found a shadowy altar of Dithmenos.
  2629 | D:6      | Found a hide-covered altar of Uskayaw.
  2677 | D:6      | Found a staircase to the Ecumenical Temple.
  2694 | D:6      | You pick up a book of Alchemy and begin reading...
  2694 | D:6      | You add the spells Sublimation of Blood, Ignite Poison,
                  | Petrify, Alistair's Intoxication, Irradiate and Eringya's
                  | Noxious Bog to your library.
  2697 | Temple   | Entered the Ecumenical Temple
  2828 | Temple   | Became a worshipper of the Wu Jian Council
  2932 | D:6      | Noticed a water moccasin
  2935 | D:5      | Entered Level 5 of the Dungeon
  2977 | D:5      | Noticed a water moccasin
  3004 | D:5      | Reached skill level 3 in Armour
  3004 | D:5      | HP: 9/37 [poisoned by a water moccasin]
  3004 | D:5      | HP: 4/37 [water moccasin (5)]
  3005 | D:5      | Succumbed to a water moccasin's poison

Vanquished Creatures
  2 jellies
  A centaur skeleton (D:6)
  An iguana (D:6)
  Ijyb (D:3)
  Natasha (thrice) (D:3)
  6 adders
  6 gnolls
  A worm (D:3)
  An orc (D:3)
  5 bats
  3 endoplasms
  4 giant cockroaches
  3 goblins
  7 hobgoblins
  3 jackals (D:2)
  5 kobolds
  2 quokkas
  4 ball pythons
  A frilled lizard (D:3)
  5 rats
64 creatures vanquished.

Vanquished Creatures (others)
  A plant (D:1)
1 creature vanquished.

Grand Total: 65 creatures vanquished

Table legend:
 A = Non-vault XP
 B = Vault XP
 C = Vault XP percentage of total XP
 D = Non-vault monster count
 E = Vault monster count
 F = Vault count percentage of total count
                 A         B        C        D         E       F
            +---------+---------+-------+---------+---------+-------
      Total |     461 |      93 |  16.8 |      56 |       8 |  12.5
            +---------+---------+-------+---------+---------+-------
        D:1 |      49 |       6 |  10.9 |      14 |       4 |  22.2
        D:2 |      42 |       0 |   0.0 |      17 |       0 |   0.0
        D:3 |     187 |      87 |  31.8 |      20 |       4 |  16.7
        D:5 |      52 |       0 |   0.0 |       1 |       0 |   0.0
        D:6 |     131 |       0 |   0.0 |       4 |       0 |   0.0
            +---------+---------+-------+---------+---------+-------

Illustrated notes

Table legend:
 A = Kills in this place as a percentage of kills in entire the game.
 B = Kills by you in this place as a percentage of kills by you in the entire game.
 C = Kills by friends in this place as a percentage of kills by friends in the entire game.
 D = Other kills in this place as a percentage of other kills in the entire game.
 E = Experience gained in this place as a percentage of experience gained in the entire game.
 F = Experience gained in this place divided by the number of levels of this place that you have seen.
                   A       B       C       D       E      F
               +-------+-------+-------+-------+-------+----------------------
         Total | 100.0 | 100.0 |   N/A |   N/A | 100.0 |  92.3
       Dungeon | 100.0 | 100.0 |   N/A |   N/A | 100.0 | 110.8
               +-------+-------+-------+-------+-------+----------------------

Table legend: (Time is in decaauts)
 A = Elapsed time spent in this place.
 B = Non-inter-level travel time spent in this place.
 C = Inter-level travel time spent in this place.
 D = Time resting spent in this place.
 E = Time spent auto-exploring this place.
 F = Levels seen in this place.
 G = Mean time per level.
                   A        B        C        D        E       F      G
               +--------+--------+--------+--------+--------+-----+--------+
         Total |   2962 |   2870 |     92 |    380 |   1906 |   6 |  493.7 |
       Dungeon |   2808 |   2741 |     67 |    380 |   1788 |   5 |  561.6 |
        Temple |    153 |    128 |     25 |      0 |    118 |   1 |  153.0 |
               +--------+--------+--------+--------+--------+-----+--------+

Top non-repeatable levels by time:
     D:1: 1253 daAuts
     D:3: 699 daAuts
     D:2: 641 daAuts
  Temple: 153 daAuts
     D:6: 150 daAuts
     D:5: 64 daAuts
